 Dungeon Crawl Stone Soup version 0.18-a0-1526-gcb34c7c (webtiles) character file.

26 Duffy the Chopper (level 2, 0/22 HPs)
             Began as a Demonspawn Gladiator on Mar 8, 2016.
             Succumbed to a kobold's poison
             ... on level 1 of the Dungeon.
             The game lasted 00:00:51 (513 turns).

Duffy the Chopper (Demonspawn Gladiator)             Turns: 513, Time: 00:00:51

Health: 0/22       AC:  8    Str: 15    XL:     2   Next: 89%
Magic:  2/2        EV: 12    Int:  9    God:
Gold:   27         SH:  0    Dex: 12    Spells: 0 memorised, 1 level left

rFire  . . .     SeeInvis .     a - +0 war axe
rCold  . . .     Gourm    .     b - +0 leather armour
rNeg   . . .     Faith    .     (no shield)
rPois  .         Spirit   .     c - +0 helmet
rElec  .         Dismiss  .     (no cloak)
rCorr  .         Reflect  .     (no gloves)
SustAt .         Harm     .     (no boots)
MR     .....                    (no amulet)
Stlth  +.........               (no ring)
                                (no ring)

@: lethally poisoned (0 -> -10), flying, not resistant to hostile enchantments,
very unstealthy
A: rough black scales 1
a: no special abilities


You were on level 1 of the Dungeon.
You were not hungry.

You visited 1 branch of the dungeon, and saw 1 of its levels.

You collected 27 gold pieces.


Innate Abilities, Weirdness & Mutations

You are partially covered in rough black scales (AC +4, Dex -1).


   Skills:
 - Level 2.0 Fighting
 + Level 3.7 Axes
 - Level 1.7 Throwing
 - Level 2.6 Dodging


You had one spell level left.
You didn't know any spells.

Inventory:

Hand Weapons
 a - a +0 war axe (weapon)
Missiles
 d - 3 throwing nets (quivered)
 i - 21 poisoned needles
Armour
 b - a +0 leather armour (worn)
 c - a +0 helmet (worn)
Scrolls
 e - a scroll of immolation {unknown}
 h - a scroll of fear {unknown}
 j - a scroll of teleportation {unknown}
 k - a scroll of identify {unknown}
 m - a scroll of remove curse {unknown}
Potions
 g - a potion of cancellation
 l - 2 potions of flight
Comestibles
 f - 2 bread rations

Dungeon Overview and Level Annotations

Branches:
Dungeon (1/15)

Altars:
Lugonu

Portals:
Abyss: D:1


Message History

You are too injured to fight recklessly!
You are too injured to fight recklessly!
You are too injured to fight recklessly!
You are too injured to fight recklessly!
You are too injured to fight recklessly!
You are too injured to fight recklessly!
You are too injured to fight recklessly!
You are too injured to fight recklessly!
There is a lethal amount of poison in your body!
Drink which item? (? for menu, Esc to quit)
It was a potion of cancellation.
You feel magically purged.
You feel sick.
Drink which item? (? for menu, Esc to quit)
You can't drink that!
Drink which item? (? for menu, Esc to quit)
It was a potion of flight.
You feel very buoyant.
You fly up into the air.
You feel sick.
You feel sick.
Found a stone staircase leading down.
You feel sick.
You see here 2 potions of flight.
l - 2 potions of flight You feel sick.
You feel sick.
You feel sick.
You see here a dagger of venom.
Drink which item? (? for menu, Esc to quit)
Okay, then.
Read which item? (? for menu, Esc to quit)
Okay, then.
You feel sick.
Things that are here:
a club; a hobgoblin corpse You feel sick.
You die...

############
##..........#
########(..###.....###
..............)......#
########...###)....#.#
##.## #.....# #
######>..#####.###
#......(...# #@#
...###...#.# #>....# .
..#.##.# .......#
###### #######..#
################### .#
.....#...##.#..#..# #
..#....##.##.##..##
##...%#...#.#.##..#
#....)..#.###..#.##


There were no monsters in sight!

Action                   || total
-------------------------++-------
Melee: War axe           ||    57
  Use: Potion            ||     2

Notes
Turn   | Place    | Note
--------------------------------------------------------------
     0 | D:1      | Duffy the Demonspawn Gladiator began the quest for the Orb.
     0 | D:1      | Reached XP level 1. HP: 16/16 MP: 1/1
    24 | D:1      | Reached skill level 3 in Axes
    46 | D:1      | Gained mutation: You are partially covered in rough black scales (AC +4, Dex -1). [demonic ancestry]
    46 | D:1      | Reached XP level 2. HP: 16/22 MP: 2/2
   239 | D:1      | Found a corrupted altar of Lugonu.
   239 | D:1      | Found a one-way gate to the infinite horrors of the Abyss.
   239 | D:1      | Noticed a demonic crawler
   513 | D:1      | Succumbed to a kobold's poison

Vault maps used:
D:1:      erik_arrival_cave_to_civilisation

Vanquished Creatures
  A dart slug
  A giant cockroach
  3 goblins
  7 hobgoblins
  3 kobolds
  4 bats
  3 rats
22 creatures vanquished.
